 Dungeon Crawl Stone Soup version 0.21-a0-538-gd16b88a (webtiles) character file.

304 AverageBear the Cutter (level 6, 0/36 HPs)
             Began as a Deep Elf Fighter on Dec 16, 2017.
             Was an Initiate of Ashenzari.
             Slain by a sky beast (2 damage)
             ... on level 5 of the Dungeon.
             The game lasted 00:04:35 (3644 turns).

AverageBear the Cutter (Deep Elf Fighter)           Turns: 3644, Time: 00:04:36

Health: 0/36       AC:  6    Str: 18    XL:     6   Next: 15%
Magic:  8/8        EV: 11    Int: 13    God:    Ashenzari [......]
Gold:   224        SH:  9    Dex: 14    Spells: 5/5 levels left

rFire    . . .     SeeInvis +   a - +0 rapier
rCold    + + .     Gourm    .   c - +0 shield
rNeg     . . .     Faith    .   j - +0 leather armour of Unenurox {MR+ Str+3 Int-2} (curse)
rPois    +         Spirit   .   (no helmet)
rElec    .         Reflect  .   (no cloak)
rCorr    .         Harm     .   (no gloves)
MR       ++...     Clarity  +   k - +2 pair of boots (curse) Stlth +.........NoTele +
                                (no amulet)
HPRegen  0.12/turn              s - ring of protection from cold
MPRegen  0.11/turn              n - ring "Ofita" {-Tele rPois rC+ MR+ Int+2}

@: no status effects
A: see invisible, clarity, poison resistance
a: Curse Item, Renounce Religion


You were on level 5 of the Dungeon.
You worshipped Ashenzari.
Ashenzari was noncommittal.
You were not hungry.

You visited 1 branch of the dungeon, and saw 5 of its levels.

You collected 224 gold pieces.

Inventory:

Hand Weapons
 a - a +0 rapier (weapon)
Armour
 b - a +0 scale mail
 c - a +0 shield (worn)
 j - the cursed +0 leather armour of Unenurox (worn) {MR+ Str+3 Int-2}
   (You found it on level 4 of the Dungeon)

   It affects your strength (+3).
   It affects your intelligence (-2).
   It affects your resistance to hostile enchantments.
   It has a curse placed upon it.
 k - a cursed +2 pair of boots (worn)
Jewellery
 m - an uncursed ring of fire
 n - the ring "Ofita" (right hand) {-Tele rPois rC+ MR+ Int+2}
   (You found it on level 4 of the Dungeon)

   [ring of protection from magic]

   It affects your intelligence (+2).
   It protects you from cold.
   It protects you from poison.
   It affects your resistance to hostile enchantments.
   It prevents most forms of teleportation.
 s - a ring of protection from cold (left hand)
Scrolls
 d - a scroll of identify
 g - 2 scrolls of teleportation {unknown}
 o - a scroll of magic mapping
Potions
 e - a potion of ambrosia
 h - a potion of agility
 i - a potion of flight {unknown}
 l - a potion of curing
 p - a potion of mutation
Comestibles
 f - 2 bread rations
 r - 3 fruits
 t - a royal jelly


   Skills:
 - Level 2.4 Fighting
 - Level 5.2 Short Blades
 - Level 2.4 Armour
 + Level 4.4 Dodging
 - Level 2.4 Shields


You had 5 spell levels left.
You didn't know any spells.

Dungeon Overview and Level Annotations

Branches:
Dungeon (5/15)
 Temple: D:4-7

Altars:
Ashenzari
Okawaru
Wu Jian
Yredelemnul


Innate Abilities, Weirdness & Mutations

You have supernaturally acute eyesight. (SInv)
You possess an exceptional clarity of mind.
Your system is resistant to poisons. (rPois)


Message History

The sky beast is almost dead.
The sky beast flickers out of sight for a moment.
You block the sky beast's attack.
The crimson imp blinks!
Your shield and leather armour of Unenurox prevent you from hitting the sky beast.
The sky beast is almost dead.
The sky beast hits you but does no damage.
You barely miss the sky beast.
The sky beast is almost dead.
The sky beast hits you.
* * * LOW HITPOINT WARNING * * *
The sky beast shocks you.
* * * LOW HITPOINT WARNING * * *
The crimson imp blinks!
You closely miss the sky beast.
The sky beast is almost dead.
The sky beast closely misses you.
You hit the sky beast.
The sky beast is almost dead.
The sky beast hits you.
You die...

.......
#.......##
#....>...# #
#........##.##
#....5....#..#
#............#
#.......P.P..#
#.......@_...#
#....<..PYP..#
#...........##
#.......###..#
#......... ....
#........#.#.#.#
#......$.. ... .
#.......#.# #.#
#..........


You could see a sky beast (invisible) and a crimson imp.

Vanquished Creatures
  A scorpion (D:4)
  2 orc priests (D:2)
  An orc wizard (D:2)
  A worker ant (D:4)
  6 adders
  An ooze (D:3)
  A worm (D:2)
  2 leopard geckos
  7 orcs
  2 giant cockroaches
  8 goblins
  10 hobgoblins
  5 jackals
  8 kobolds
  2 quokkas (D:3)
  9 bats
  7 frilled lizards
  3 rats
76 creatures vanquished.

Notes
Turn   | Place    | Note
-------+----------+-------------------------------------------
     0 | D:1      | AverageBear the Deep Elf Fighter began the quest for the Orb.
     0 | D:1      | Reached XP level 1. HP: 13/13 MP: 3/3
   358 | D:1      | Reached XP level 2. HP: 15/18 MP: 4/4
   385 | D:1      | Reached skill level 3 in Short Blades
  1232 | D:2      | Reached XP level 3. HP: 22/22 MP: 5/5
  1431 | D:2      | Reached skill level 4 in Short Blades
  1691 | D:2      | Reached XP level 4. HP: 25/27 MP: 6/6
  1758 | D:2      | Found an iron altar of Okawaru.
  1959 | D:2      | Reached skill level 5 in Short Blades
  1959 | D:2      | Reached XP level 5. HP: 16/31 MP: 7/7
  1968 | D:2      | Reached skill level 1 in Dodging
  2167 | D:3      | Found a shattered altar of Ashenzari.
  2201 | D:3      | Became a worshipper of Ashenzari the Shackled
  2782 | D:3      | Found an ornate altar of the Wu Jian Council.
  2962 | D:4      | Identified the ring "Ofita" {-Tele rPois rC+ MR+ Int+2}
  3030 | D:4      | Gained mutation: You possess an exceptional clarity of mind. [potion of mutation]
  3030 | D:4      | Gained mutation: Your system is resistant to poisons. (rPois) [potion of mutation]
  3030 | D:4      | Gained mutation: You have supernaturally acute eyesight. (SInv) [potion of mutation]
  3075 | D:4      | Reached XP level 6. HP: 22/36 MP: 8/8
  3247 | D:4      | Got the cursed leather armour of Unenurox {MR+ Str+3 Int-2}
  3258 | D:4      | Identified the cursed +0 leather armour of Unenurox {MR+ Str+3 Int-2} (You found it on level 4 of the Dungeon)
  3623 | D:5      | Entered Level 5 of the Dungeon
  3623 | D:5      | Found a basalt altar of Yredelemnul.
  3623 | D:5      | Noticed a sky beast
  3642 | D:5      | HP: 1/36 [sky beast (5)]
  3644 | D:5      | Slain by a sky beast

Vault maps used:
D:1:      onia_arrival_mini_maze_b, hex_medium, minmay_misc_feat_iff,
          grunt_decor_cap
D:2:      okawaru_gym_becter, wad_floor_pattern_untrapped
D:3:      overflow_temple_1_default, cheibrodos_ashenzari_chains
D:5:      temple_statues, first_bread, minmay_misc_feat_pillars,
          serial_park_tiny_1, yredelemnul_altar_generic, uniq_duvessa

Skill      XL: |  1  2  3  4  5 |
---------------+----------------+-----
Short Blades   | 3 4 5 |  5.2
Dodging        | 4 |  4.4
Fighting       | |  2.4
Armour         | |  2.4
Shields        | |  2.4

Action                   |  1- 3 |  4- 6 || total
-------------------------+-------+-------++-------
Melee: Rapier            |   106 |   211 ||   317
Invok: Curse Item        |       |     1 ||     1
  Use: Scroll            |     3 |     4 ||     7
       Potion            |       |     4 ||     4
  Eat: Chunk             |     2 |     7 ||     9
Armor: Scale mail        |    53 |    79 ||   132
       Leather armour    |       |     9 ||     9
Dodge: Dodged            |    37 |    59 ||    96
Block: Shield            |    39 |    85 ||   124

Table legend:
 A = Spawn XP
 B = Non-spawn XP
 C = Spawn XP percentage of total XP
 D = Spawn monster count
 E = Non-spawn monster count
 F = Spawn count percentage of total count
 G = Total turns spent on level
                    A         B        C        D         E        F      G
               +---------+---------+-------+---------+---------+-------+---------
         Total |       0 |     435 |   0.0 |       0 |      76 |   0.0 |  3644
               +---------+---------+-------+---------+---------+-------+---------
           D:1 |       0 |      35 |   0.0 |       0 |      20 |   0.0 |  1147
           D:2 |       0 |     213 |   0.0 |       0 |      26 |   0.0 |   983
           D:3 |       0 |      71 |   0.0 |       0 |      27 |   0.0 |   813
           D:4 |       0 |     116 |   0.0 |       0 |       3 |   0.0 |   680
               +---------+---------+-------+---------+---------+-------+---------
